 Dungeon Crawl Stone Soup version 0.20.1-1-g8b1a95d (webtiles) character file.

133 Gargoyl the Skirmisher (level 4, -1/41 HPs)
             Began as a Minotaur Abyssal Knight on July 27, 2017.
             Was a Follower of Lugonu.
             Slain by a gnoll
             ... wielding a cursed +0 spear
              (4 damage)
             ... on level 3 of the Dungeon.
             The game lasted 00:04:10 (2338 turns).

Gargoyl the Skirmisher (Minotaur Abyssal Knight)    Turns: 2338, Time: 00:04:11

Health: -1/41      AC: 10    Str: 17    XL:     4   Next: 93%
Magic:  4/4        EV:  7    Int:  9    God:    Lugonu [*.....]
Gold:   131        SH:  0    Dex: 10    Spells: 3/3 levels left

rFire    . . .     SeeInvis .   a - +1 hand axe
rCold    . . .     Gourm    .   (no shield)
rNeg     . . .     Faith    .   f - +0 chain mail
rPois    .         Spirit   .   (helmet restricted)
rElec    .         Reflect  .   p - +0 cloak
rCorr    .         Harm     .   (no gloves)
MR       .....                  (no boots)
Stlth    ..........             (no amulet)
Regen    0.2/turn               (no ring)
MPRegen  0.1/turn               (no ring)

@: no status effects
A: retaliatory headbutt, horns 2
a: Depart the Abyss, Renounce Religion


You were on level 3 of the Dungeon.
You worshipped Lugonu.
Lugonu was aware of your devotion.
You were not hungry.

You visited 1 branch of the dungeon, and saw 3 of its levels.
You visited the Abyss 1 time.

You collected 131 gold pieces.

Inventory:

Hand Weapons
 a - a +1 hand axe (weapon)
Missiles
 k - 4 tomahawks (quivered)
Armour
 f - a +0 chain mail (worn)
 p - a +0 cloak (worn)
Jewellery
 o - a +2 ring of intelligence {unknown}
Scrolls
 b - 2 scrolls of amnesia {unknown}
 g - 3 scrolls of identify
 n - a scroll of teleportation
 q - 2 scrolls of remove curse {unknown}
Potions
 e - a potion of resistance
 h - a potion of ambrosia {unknown}
 j - a potion of magic {unknown}
 l - a potion of curing {unknown}
 m - 2 potions of flight {unknown}
Comestibles
 c - 6 bread rations
 d - 6 royal jellies
 i - 7 fruits


   Skills:
 + Level 4.6 Fighting
 + Level 3.4 Axes
 * Level 4.4 Armour
 + Level 1.2 Dodging
 * Level 2.2 Invocations


You had 3 spell levels left.
You didn't know any spells.

Dungeon Overview and Level Annotations

Branches:
Dungeon (3/15)

Altars:
Cheibriados
Qazlal
Ru


Innate Abilities, Weirdness & Mutations

You reflexively headbutt those who attack you in melee.
You have a pair of horns on your head.


Message History

The gnoll hits you but does no damage. The gnoll hits you with a flail!
The gnoll hits you but does no damage.
Unknown command.
You barely miss the gnoll.
The gnoll is severely wounded.
Your chain mail prevents you from hitting the gnoll.
You hit the gnoll. The gnoll completely misses you.
The gnoll hits you with a flail. The gnoll hits you with a whip.
The gnoll hits you with a flail.
* * * LOW HITPOINT WARNING * * *
The gnoll hits you from afar with a spear.
* * * LOW HITPOINT WARNING * * *
You hit the gnoll.
You kill the gnoll!
Lugonu accepts your kill.
You closely miss the gnoll. You barely miss the gnoll.
The gnoll hits you with a flail.
* * * LOW HITPOINT WARNING * * *
The gnoll hits you from afar with a spear.
You die...

§.#..#####†# ..#..# #.#
..#..#####.########
..#......)........#
..#.###.#..######.#
≈.#.##.###.#### .#
..#.#.## ##...# .#
###.##.###.##.###.#####
........#.....g)@g....#
#.....##.......g#####.#
##...# ##.###...# ##.#
#.# #.....# #. #.#
##..#.# # #.# #..#.#
#.. ...# # ### #...


You could see 3 gnolls.

Vanquished Creatures
  Crazy Yiuf (D:3)
  4 adders
  A gnoll (D:3)
  An ufetubus (Abyss:2)
  2 dart slugs
  2 leopard geckos (D:1)
  An orc (D:3)
  3 ball pythons
  5 bats
  2 giant cockroaches
  6 goblins
  2 hobgoblins
  4 jackals (D:2)
  4 frilled lizards
  5 kobolds
  7 rats
  A lurking horror (Abyss:1)
51 creatures vanquished.

Notes
Turn   | Place    | Note
-------+----------+-------------------------------------------
     0 | Abyss:1  | Gargoyl the Minotaur Abyssal Knight began the quest for the Orb.
     0 | Abyss:1  | Reached XP level 1. HP: 19/19 MP: 1/1
    10 | Abyss:1  | Found a hide-covered altar of Uskayaw.
   280 | Abyss:3  | Noticed a freezing wraith
   291 | Abyss:3  | Noticed a small abomination
   291 | Abyss:3  | Noticed a spatial maelstrom
   297 | D:1      | Escaped the Abyss
   344 | D:1      | Reached XP level 2. HP: 23/27 MP: 2/2
   423 | D:1      | Reached * piety under Lugonu
   706 | D:1      | Found a snail-covered altar of Cheibriados.
   837 | D:1      | Reached XP level 3. HP: 33/33 MP: 3/3
   953 | D:2      | Found a sacrificial altar of Ru.
  1657 | D:3      | Reached XP level 4. HP: 32/41 MP: 4/4
  1953 | D:3      | Found a runed door.
  1957 | D:3      | Noticed Crazy Yiuf
  1963 | D:3      | Killed Crazy Yiuf
  2096 | D:3      | Found a stormy altar of Qazlal.
  2338 | D:3      | Slain by a gnoll

Skill      XL: |  1  2  3  4 |
---------------+-------------+-----
Fighting       | 4 |  4.6
Axes           | 3 |  3.4
Armour         | 3 4 |  4.4
Invocations    | 2 |  2.2
Dodging        | |  1.2

Action                   |  1- 3 |  4- 6 || total
-------------------------+-------+-------++-------
Melee: Hand axe          |    76 |    37 ||   113
       Headbutt          |     6 |     3 ||     9
Invok: Depart the Abyss  |     1 |       ||     1
  Use: Scroll            |     4 |       ||     4
  Eat: Chunk             |     2 |     2 ||     4
Armor: Chain mail        |    89 |    29 ||   118
Dodge: Dodged            |    58 |    16 ||    74
